 Dungeon Crawl Stone Soup version 0.31-a0-1370-gf52a5a9ab3 (webtiles) character file.

Game seed: 8293174116372883231

26632 grandjackal the Fighter (level 13, -3/119 HPs)
             Began as a Purple Draconian Gladiator on Dec 24, 2023.
             Was a High Priest of Okawaru.
             Slain by an ice devil (5 damage)
             ... in an ice cave.
             The game lasted 00:16:37 (12799 turns).

grandjackal the Fighter (DrGl)                     Turns: 12799, Time: 00:16:37

Health: -3/119     AC: 15    Str: 16    XL:     13   Next: 0%
Magic:  13/13      EV: 15    Int: 10    God:    Okawaru [*****.]
Gold:   634        SH:  0    Dex: 17    Spells: 11/12 levels left

rFire   . . .        Q - +4 scimitar (flame)
rCold   + + .        (no shield)
rNeg    . . .        (body armour unavailable)
rPois   +            i - +0 hat {Will+}
rElec   +            F - +1 cloak {Will+}
rCorr   +            (no gloves)
SInv    .            e - +0 pair of boots
Will    +++..        V - amulet of regeneration
Stlth   ++           P - ring of ice
HPRegen 1.19/turn    p - +4 ring of protection
MPRegen 0.13/turn

%: no passive effects
@: resistant, constricted
A: breathe power, AC +8, unfitting armour, cold-blooded
a: Breathe Dispelling Energy, Renounce Religion, Heroism, Finesse, Duel


You were in an ice cave.
You worshipped Okawaru.
Okawaru was extremely pleased with you.
You visited 4 branches of the dungeon, and saw 16 of its levels.
You also visited: Ice Cave.

You collected 751 gold pieces.
You spent 117 gold pieces at shops.

Inventory:

Hand Weapons
 N - the +9 staff of Olgreb {rPois∞}
   (You found it on level 7 of the Dungeon)

   Radiate:   It can be activated via the 'a'bility menu to radiate toxic
   energy, with effectiveness depending on Evocations skill.
   Alch:      It enhances your alchemy magic.
   rPois∞: It grants immunity to poison.
 Q - a +4 scimitar of flaming (weapon)
Missiles
 c - 4 throwing nets (quivered)
 d - 7 javelins
 J - 4 silver javelins
Armour
 e - a +0 pair of boots (worn)
 i - a +0 hat of willpower (worn)
 F - a +1 cloak of willpower (worn)
Jewellery
 f - a ring of protection from fire
 l - a ring of fire
 p - a +4 ring of protection (right hand)
 x - a ring of protection from fire
 y - a ring of poison resistance
 B - a ring of willpower
 P - a ring of ice (left hand)
 V - an amulet of regeneration (around neck)
Wands
 q - a wand of charming (14)
 L - a wand of mindburst (10)
 O - a wand of polymorph (1)
 U - a wand of roots (6)
 X - a wand of quicksilver (6)
Scrolls
 h - 4 scrolls of noise {unknown}
 k - 3 scrolls of fog {unknown}
 m - 3 scrolls of fear {unknown}
 o - 3 scrolls of enchant weapon {unknown}
 r - 2 scrolls of immolation {unknown}
 s - 2 scrolls of poison {unknown}
 t - 4 scrolls of teleportation {unknown}
 u - 3 scrolls of torment {unknown}
 w - a scroll of blinking {unknown}
 I - 2 scrolls of vulnerability {unknown}
 M - a scroll of amnesia
 S - a scroll of revelation
 T - a scroll of brand weapon
 Y - a scroll of silence
Potions
 b - a potion of haste {unknown}
 g - 2 potions of cancellation
 j - 6 potions of curing
 n - 2 potions of lignification
 z - 3 potions of brilliance
 A - 4 potions of enlightenment
 C - 3 potions of might {unknown}
 D - a potion of attraction {unknown}
 E - 2 potions of mutation {unknown}
 R - a potion of invisibility {unknown}
 W - a potion of ambrosia {unknown}


   Skills:
 + Level 12.5 Fighting
 - Level 8.2 Long Blades
 + Level 8.5 Staves
 - Level 2.0 Throwing
 + Level 10.9 Dodging
 + Level 11.4 Evocations


You had 11 spell levels left.
You knew the following spells:

 Your Spells              Type           Power      Damage    Failure   Level
a - Sting                 Conj/Alch      0%         1d3       36%         1

Your spell library contained the following spells:

 Spells                   Type           Power      Damage    Failure   Level
 Apportation              Tloc           0%         N/A       36%         1
 Necrotise                Necr           0%         1d4       36%         1
 Ensorcelled Hibernation  Hex/Ice        0%         N/A       50%         2
 Lesser Beckoning         Tloc           0%         N/A       50%         2
 Passwall                 Alch/Erth      0%         N/A       50%         2
 Frozen Ramparts          Ice            0%         1d1       75%         3
 Fugue of the Fallen      Necr           0%         N/A       75%         3
 Gell's Gravitas          Tloc           0%         N/A       75%         3
 Hailstorm                Conj/Ice       0%         3d5       75%         3
 Ozocubu's Armour         Ice            0%         N/A       75%         3
 Swiftness                Air            0%         N/A       75%         3
 Teleport Other           Tloc           0%         N/A       75%         3
 Leda's Liquefaction      Alch/Erth      0%         N/A       98%         4
 Manifold Assault         Tloc           0%         N/A       98%         4
 Passage of Golubria      Tloc           0%         N/A       98%         4
 Petrify                  Alch/Erth      0%         N/A       98%         4
 Metabolic Englaciation   Hex/Ice        0%         N/A       100%        5
 Yara's Violent Unravell  Hex/Alch       0%         3d3       100%        5
 Summon Small Mammal      Summ           Unusable   N/A       N/A         1
 Tukima's Dance           Hex            Unusable   N/A       N/A         3
 Summon Ice Beast         Ice/Summ       Unusable   N/A       N/A         4
 Simulacrum               Ice/Necr       Unusable   N/A       N/A         6

Dungeon Overview and Level Annotations

Branches:
Dungeon (12/15)            Temple (1/1) D:7            Lair (2/5) D:10
    Orc (1/2) D:11          IceCv (1/1)
  Swamp: Lair:2-3    Shoals: Lair:2-3     Snake: Lair:2-3    Spider: Lair:2-3

Altars:
Ashenzari
Cheibriados
Dithmenos
Elyvilon
Fedhas
Gozag
Hepliaklqana
Kikubaaqudgha
Makhleb
Nemelex Xobeh
Okawaru
Qazlal
Ru
Sif Muna
Trog
Uskayaw
Vehumet
Wu Jian
Xom
Yredelemnul
Zin
The Shining One
Lugonu

Shops:
D:1 !   D:2 :   D:6 [   D:7 =   Orc:1 :

Annotations:
D:7 1 runed translucent door
D:11 1 runed translucent door, 2 transporters, jlumianski's ghost, journeyman GnSh


Innate Abilities, Weirdness & Mutations

You can breathe bolts of dispelling energy.
Your rich purple scales are hard. (AC +8)
You cannot fit into any form of body armour.
You are cold-blooded and may be slowed by cold attacks.


Message History

The ice devil hits you. The ice devil freezes you! You resist.
* * * LOW HITPOINT WARNING * * *
The anaconda simulacrum bites you.
* * * LOW HITPOINT WARNING * * *
The anaconda simulacrum freezes you. You resist.
* * * LOW HITPOINT WARNING * * *
The anaconda simulacrum constricts you.
* * * LOW HITPOINT WARNING * * *
The wolf simulacrum bites you but does no damage.
Unknown command.
Okay, then.
You feel much better.
The anaconda simulacrum bites you but does no damage.
The anaconda simulacrum constricts you.
The ice devil hits you but does no damage.
The wolf simulacrum bites you but does no damage.
You feel protected.
The anaconda simulacrum closely misses you.
The anaconda simulacrum constricts you. The wolf simulacrum closely misses you.
The ice devil hits you!
* * * LOW HITPOINT WARNING * * *
The ice devil freezes you. You resist.
* * * LOW HITPOINT WARNING * * *
The anaconda simulacrum closely misses you.
The anaconda simulacrum constricts you.
* * * LOW HITPOINT WARNING * * *
The wolf simulacrum bites you.
* * * LOW HITPOINT WARNING * * *
The wolf simulacrum freezes you. You resist.
* * * LOW HITPOINT WARNING * * *
Unknown command.
The anaconda simulacrum's grasp on you weakens, but your attempt to escape fails.
The anaconda simulacrum bites you!
* * * LOW HITPOINT WARNING * * *
The anaconda simulacrum freezes you! You resist.
* * * LOW HITPOINT WARNING * * *
The anaconda simulacrum constricts you. The ice devil hits you.
* * * LOW HITPOINT WARNING * * *
The ice devil freezes you. You resist.
You die...

#...## ....## .. #..##
..☼.#. . ##..## #.....##
.####. ##..# #....##......
####..#### #.....Z....
#.#....#.### ###Z○.Z.....
#..........####§Z°######..
##............###°☼Z#
#............@4Z##.####
##..........#ZZ...(...#
#..........###Z#..........
##........## ######..##...
##...##### .## .. ##### .#
.. .. ##.


You could see an ice devil, an anaconda simulacrum, 2 wolf simulacra and a troll
simulacrum.

Vanquished Creatures
  Gastronok (Lair:2)
  Harold (D:9)
  A boulder beetle (D:12)
  Erica (D:9)
  2 two-headed ogres
  A deep elf knight (D:11)
  An arcanist (D:9)
  A deep elf pyromancer (D:12)
  A wolf spider (D:12)
  An ugly thing (D:12)
  2 ice statues (IceCv)
  A cyclops (D:11)
  3 cane toads
  An unseen horror (D:12)
  A kobold demonologist (D:9)
  A komodo dragon (Lair:1)
  3 rime drakes
  2 ice devils (IceCv)
  8 trolls
  A hornet (D:9)
  4 slime creatures (D:12)
  A wyvern (D:8)
  2 vampires
  A shadow (D:10)
  2 wraiths
  43 yaks
  A steam dragon (Lair:2)
  2 basilisks
  4 redbacks (D:7)
  A warg (Orc:1)
  Menkaure (D:5)
  2 acid dragons
  4 water moccasins
  3 ice beasts (D:6)
  2 black bears
  5 orc warriors
  A sky beast (D:7)
  9 centaurs
  2 ogres (D:6)
  7 bullfrogs
  7 scorpions
  A gnoll sergeant (D:10)
  A cane toad simulacrum (IceCv)
  6 wights (D:7)
  14 killer bees
  A jelly (D:5)
  3 howler monkeys
  A gnoll bouda (D:4)
  A hound (D:6)
  8 orc priests
  Crazy Yiuf (D:5)
  An iguana (D:5)
  2 sleepcaps
  15 orc wizards
  A troll simulacrum (IceCv)
  2 spriggan simulacra (IceCv)
  11 gnolls
  A naga simulacrum (IceCv)
  12 adders
  3 white imps
  5 ufetubi
  2 dart slugs (D:1)
  28 orcs
  6 ball pythons
  6 bats
  8 endoplasms
  A giant cockroach (D:2)
  7 goblins
  9 hobgoblins
  7 kobolds
  3 quokkas
  3 frilled lizards
  3 rats (D:2)
311 creatures vanquished.

Vanquished Creatures (collateral kills)
  A sky beast (D:7)
  An orc priest (D:7)
  An orc wizard (D:7)
3 creatures vanquished.

Vanquished Creatures (others)
  An acid dragon (D:7)
  An orc (D:9)
2 creatures vanquished.

Grand Total: 316 creatures vanquished

Notes
Turn   | Place    | Note
-------+----------+-------------------------------------------
     0 | D:1      | grandjackal the Draconian Gladiator began the quest for the
                  | Orb.
     0 | D:1      | Reached XP level 1. HP: 17/17 MP: 1/1
    80 | D:1      | Reached XP level 2. HP: 20/25 MP: 2/2
   247 | D:1      | Found a faded altar of an unknown god.
   505 | D:2      | Reached XP level 3. HP: 20/30 MP: 3/3
   567 | D:2      | Reached skill level 3 in Fighting
   723 | D:2      | You fall into a shaft and drop 1 floor!
   799 | D:2      | Reached XP level 4. HP: 38/38 MP: 4/4
   867 | D:2      | Found Edan's Book Emporium.
  1269 | D:3      | Found a blossoming altar of Fedhas.
  1632 | D:3      | Reached XP level 5. HP: 46/46 MP: 5/5
  1703 | D:3      | Found a hazy altar of Hepliaklqana.
  1915 | D:4      | Reached skill level 4 in Fighting
  2474 | D:1      | Bought a potion of degeneration for 13 gold pieces
  2474 | D:1      | Bought a potion of curing for 39 gold pieces
  2475 | D:1      | Bought a potion of enlightenment for 65 gold pieces
  2524 | D:5      | Entered Level 5 of the Dungeon
  2551 | D:5      | Found a runed translucent door.
  2552 | D:5      | Noticed Crazy Yiuf
  2802 | D:5      | Reached XP level 6. HP: 35/53 MP: 6/6
  3175 | D:5      | Reached skill level 5 in Fighting
  3175 | D:5      | Reached skill level 5 in Long Blades
  3175 | D:5      | Your scales start taking on a rich purple colour.
  3175 | D:5      | Reached XP level 7. HP: 49/61 MP: 7/7
  3405 | D:5      | Noticed Menkaure
  3413 | D:5      | Killed Menkaure
  3414 | D:5      | Reached skill level 5 in Dodging
  3414 | D:5      | Reached skill level 1 in Evocations
  3724 | D:5      | Killed Crazy Yiuf
  3911 | D:6      | Found Jyowe's Armour Shop.
  4021 | D:6      | Reached skill level 6 in Fighting
  4021 | D:6      | Reached XP level 8. HP: 70/70 MP: 8/8
  4560 | D:6      | Found a shimmering altar of Xom.
  4560 | D:6      | Found a hide-covered altar of Uskayaw.
  4568 | D:6      | Found a faded altar of an unknown god.
  4570 | D:6      | Found a faded altar of an unknown god.
  4571 | D:6      | Found a glowing golden altar of the Shining One.
  4891 | D:7      | Found Sir Qojo's Jewellery Shoppe.
  4985 | D:7      | Found a runed translucent gate.
  4987 | D:7      | Found a runed translucent gate.
  4987 | D:7      | Found a runed translucent gate.
  4997 | D:7      | Found a runed translucent door.
  5005 | D:7      | Found the +9 staff of Olgreb {rPois∞}
  5042 | D:7      | Reached skill level 7 in Fighting
  5133 | D:7      | Reached XP level 9. HP: 74/78 MP: 9/9
  5389 | D:7      | Reached skill level 5 in Evocations
  5525 | D:7      | Found a staircase to the Ecumenical Temple.
  5566 | Temple   | Entered the Ecumenical Temple
  5577 | Temple   | Became a worshipper of Warmaster Okawaru
  5662 | D:7      | Found a runed translucent door.
  5807 | D:7      | HP: 4/80 [redback (13)]
  5813 | D:7      | Reached * piety under Okawaru
  5820 | D:7      | Reached skill level 8 in Fighting
  6247 | D:8      | Reached ** piety under Okawaru
  6261 | D:8      | Reached XP level 10. HP: 75/90 MP: 10/10
  6465 | D:8      | Learned a level 1 spell: Sting
  6934 | D:9      | Reached skill level 1 in Staves
  7059 | D:9      | Noticed an arcanist
  7068 | D:9      | Killed an arcanist
  7069 | D:9      | Reached skill level 9 in Fighting
  7229 | D:9      | Reached *** piety under Okawaru
  7298 | D:9      | Noticed Harold
  7309 | D:9      | Killed Harold
  7529 | D:9      | Noticed a two-headed ogre
  7539 | D:9      | Killed a two-headed ogre
  7539 | D:9      | Reached **** piety under Okawaru
  7813 | D:9      | Noticed Erica
  7822 | D:9      | Killed Erica
  7823 | D:9      | Reached XP level 11. HP: 61/99 MP: 11/11
  8153 | D:10     | Entered Level 10 of the Dungeon
  8320 | D:10     | Reached skill level 10 in Fighting
  8798 | D:10     | Found a bloodstained altar of Trog.
  8831 | D:10     | Found a staircase to the Lair.
  9155 | D:11     | Noticed jlumianski's ghost (journeyman GnSh)
  9155 | D:11     | Found a runed translucent door.
  9353 | D:11     | Found a transporter.
  9357 | D:11     | Found a transporter.
  9425 | D:11     | Found a staircase to the Orcish Mines.
  9512 | D:11     | Reached skill level 5 in Staves
  9514 | D:11     | Reached ***** piety under Okawaru
  9731 | D:11     | Noticed a deep elf knight
  9737 | D:11     | Killed a deep elf knight
  9793 | D:11     | Received a gift from Okawaru
  9905 | D:11     | Noticed a brown ugly thing
  9907 | D:11     | Found a corrupted altar of Lugonu.
 10268 | D:12     | Noticed a purple ugly thing
 10278 | D:12     | Killed a purple ugly thing
 10511 | D:12     | Reached skill level 11 in Fighting
 10576 | D:12     | Noticed a deep elf pyromancer
 10581 | D:12     | Killed a deep elf pyromancer
 10581 | D:12     | Received a gift from Okawaru
 11120 | D:12     | Noticed a wolf spider
 11122 | D:12     | Noticed a boulder beetle
 11135 | D:12     | Killed a wolf spider
 11148 | D:12     | Killed a boulder beetle
 11150 | D:12     | Reached XP level 12. HP: 46/110 MP: 10/12
 11159 | D:12     | Reached skill level 10 in Evocations
 11233 | D:12     | Noticed a two-headed ogre
 11241 | D:12     | Killed a two-headed ogre
 11264 | D:12     | Reached skill level 10 in Dodging
 11455 | Orc:1    | Entered Level 1 of the Orcish Mines
 11455 | Orc:1    | Found Qotenuos's Vocational Training.
 11469 | Orc:1    | Noticed an ettin
 11567 | Lair:1   | Entered Level 1 of the Lair of Beasts
 11658 | Lair:1   | Received a gift from Okawaru
 11947 | Lair:1   | Reached skill level 12 in Fighting
 12083 | Lair:1   | Identified the +0 robe "Ynippooj" {Str+2}
 12364 | Lair:2   | Received a gift from Okawaru
 12449 | Lair:2   | Noticed Gastronok
 12463 | Lair:2   | Killed Gastronok
 12577 | Lair:2   | Found a frozen archway.
 12599 | IceCv    | Entered an ice cave
 12772 | IceCv    | Received a gift from Okawaru
 12787 | IceCv    | Reached XP level 13. HP: 85/119 MP: 13/13
 12799 | IceCv    | HP: 4/119 [anaconda simulacrum (8)]
 12799 | IceCv    | Slain by an ice devil

Illustrated notes

Levels and vault maps discovered:
D:1:      minmay_arrival_five_plusses, layout_rooms,
          hellmonk_ecumenical_altar_leap_of_faith, serial_shops, shop
D:2:      layout_rooms, serial_shops, shop
D:3:      layout_loops_ring, nicolae_overflow_hidden_temple,
          mainiacjoe_overflow_brackets, kennysheep_decorative_pillar
D:4:      layout_basic, eino_tiny_chamber
D:5:      layout_loops_cross, corexii_shack, minmay_diced_spiral, uniq_menkaure,
          uniq_crazy_yiuf_cottage
D:6:      layout_basic, chequers_temple_overflow_minitemple, serial_shops,
          kennysheep_little_box
D:7:      layout_loops_ring, minmay_temple_entry_overgrown, serial_shops,
          nicolae_square_shop, minmay_guarded_unrand_staff_of_olgreb
D:8:      layout_loops_ring, skrybe_limestone_x, minmay_crossroads
D:9:      layout_cave_pods, minmay_microvault, uniq_harold, uniq_erica
D:10:     minmay_flawed_box, layout_irregular_city,
          nicolae_overflow_crystal_walls, dpeg_oklobed_lair
D:11:     gammafunk_corrupted_shrine, layout_gridville, orc_0_dummy,
          hellmonk_ghost_big_iron, kennysheep_just_a_vault
D:12:     layout_layer_cave
Temple:   eino_temple_scatter_basement
Lair:1:   layout_roguey
Lair:2:   layout_big_grid, spider_nest_entry_a, portal_ice_cave_rime,
          uniq_gastronok
Orc:1:    layout_caves, nicolae_shop_vocational
IceCv:    ice_cave_small_demon

Skill      XL: |  1  2  3  4  5  6  7  8  9 10 11 12 |
---------------+-------------------------------------+-----
Throwing       | 2 |  2.0
Dodging        | 3 4 5 6 7 8 9 10 | 10.9
Fighting       | 3 4 5 6 7 8 9 11 12 | 12.5
Long Blades    | 4 5 6 8 |  8.2
Evocations     | 2 4 6 8 9 11 | 11.4
Staves         | 4 6 8 |  8.5

Action                     |  1- 3 |  4- 6 |  7- 9 | 10-12 | 13-15 || total
---------------------------+-------+-------+-------+-------+-------++-------
  Melee: Long sword        |    84 |   166 |   306 |       |       ||   556
         Tailslap          |     8 |    21 |    45 |   135 |       ||   209
         Punch             |     1 |     1 |     3 |    11 |       ||    16
         Staff             |       |       |    11 |   588 |       ||   599
         Scimitar          |       |       |       |    34 |     7 ||    41
  Throw: Throwing net      |       |       |       |     1 |       ||     1
 Invoke: Heroism           |       |       |       |     3 |       ||     3
Ability: Breathe Dispellin |       |       |    11 |     3 |       ||    14
  Evoke: Wand              |       |       |     9 |     5 |       ||    14
    Use: Potion            |       |       |     1 |     1 |     2 ||     4
         Scroll            |       |       |       |    10 |       ||    10
   Stab: Sleeping          |     5 |     1 |     1 |       |       ||     7
         Distracted        |       |     1 |       |       |       ||     1
         Held in net/web   |       |       |       |     1 |       ||     1
 Armour: Skin              |    58 |   117 |   232 |   379 |    18 ||   804
  Dodge: Dodged            |    58 |   119 |   291 |   542 |    16 ||  1026

Table legend: (Time is in decaauts)
 A = Elapsed time spent in this place.
 B = Non-inter-level travel time spent in this place.
 C = Inter-level travel time spent in this place.
 D = Time resting spent in this place.
 E = Time spent auto-exploring this place.
 F = Levels seen in this place.
 G = Mean time per level.
                   A        B        C        D        E       F      G
               +--------+--------+--------+--------+--------+-----+--------+
         Total |  12843 |  12254 |    589 |   1879 |   7776 |  17 |  755.5 |
       Dungeon |  11621 |  11058 |    563 |   1798 |   7113 |  12 |  968.4 |
        Temple |     22 |     11 |     11 |      0 |      0 |   1 |   22.0 |
          Lair |    996 |    983 |     13 |     28 |    634 |   2 |  498.0 |
  Orcish Mines |     16 |     16 |      0 |      0 |      0 |   1 |   16.0 |
      Ice Cave |    187 |    187 |      0 |     53 |     29 |   1 |  187.0 |
               +--------+--------+--------+--------+--------+-----+--------+

Top non-repeatable levels by time:
     D:9: 1432 daAuts
    D:12: 1376 daAuts
     D:7: 1329 daAuts
     D:5: 1209 daAuts
     D:6: 1099 daAuts
    D:11: 980 daAuts
    D:10: 881 daAuts
  Lair:1: 763 daAuts
     D:4: 749 daAuts
     D:2: 708 daAuts
     D:3: 660 daAuts
     D:8: 655 daAuts
     D:1: 538 daAuts
  Lair:2: 232 daAuts
   IceCv: 187 daAuts
